 Dungeon Crawl Stone Soup version 0.30-a0-159-g068b764562 (webtiles) character file.

Game seed: 10551715267948565360

5168 ragingrage the Grappler (level 10, -10/98 HPs)
             Began as a Troll Fighter on Sept 28, 2022.
             Was a Follower of Sif Muna.
             Mangled by a death yak (24 damage)
             ... on level 7 of the Dungeon.
             The game lasted 00:07:04 (6670 turns).

ragingrage the Grappler (Troll Fighter)             Turns: 6670, Time: 00:07:04

Health: -10/98     AC:  9    Str: 30    XL:     10   Next: 34%
Magic:  9/9        EV:  9    Int:  4    God:    Sif Muna [*.....]
Gold:   223        SH:  8    Dex: 15    Spells: 9/9 levels left

rFire   . . .      SeeInvis .      - Unarmed
rCold   . . .      Faith    .    b - +0 kite shield
rNeg    . . .      Spirit   .    g - +0 steam dragon scales
rPois   .          Reflect  .    (helmet restricted)
rElec   .          Harm     .    w - +1 cloak
rCorr   .          Rampage  .    (gloves unavailable)
Will    .....                    (boots unavailable)
Stlth   +.........               s - amulet of magic regeneration
HPRegen 1.06/turn                f - +6 ring of dexterity
MPRegen 0.51/turn                (no ring)

@: mighty
A: large, unfitting armour, claws 3, regeneration 1, shaggy fur 1, tough skin 1
a: Renounce Religion, Channel Magic


You were on level 7 of the Dungeon.
You worshipped Sif Muna.
Sif Muna was aware of your devotion.
You visited 2 branches of the dungeon, and saw 9 of its levels.

You collected 333 gold pieces.
You spent 110 gold pieces at shops.

Inventory:

Missiles
 e - 23 poisoned darts (quivered)
Armour
 b - a +0 kite shield (worn)
 g - +0 steam dragon scales (worn)
 w - a +1 cloak (worn)
Jewellery
 f - a +6 ring of dexterity (left claw)
 s - an amulet of magic regeneration (around neck)
Wands
 j - a wand of charming (3)
 x - a wand of mindburst (13)
Scrolls
 k - a scroll of magic mapping {unknown}
 m - 5 scrolls of brand weapon
 n - a scroll of poison
 q - a scroll of enchant weapon {unknown}
 r - 7 scrolls of identify
 t - 6 scrolls of teleportation
 v - a scroll of torment {unknown}
 y - a scroll of amnesia {unknown}
Potions
 a - 2 potions of cancellation {unknown}
 c - a potion of might
 d - a potion of resistance {unknown}
 h - 3 potions of flight
 i - 3 potions of lignification
 l - 2 potions of ambrosia
 p - 8 potions of curing
 u - 2 potions of heal wounds
Miscellaneous
 o - a piece from Xom's chessboard (15/15)


   Skills:
 + Level 6.0 Fighting
 - Level 2.4 Dodging
 - Level 2.7 Shields
 * Level 13.9 Unarmed Combat


You had 9 spell levels left.
You didn't know any spells.
Your spell library contained the following spells:

 Spells                   Type           Power      Damage    Failure   Level
 Shock                    Conj/Air       0%         1d3       80%         1
 Swiftness                Air            0%         N/A       99%         3
 Airstrike                Air            0%         2d(0-16)  100%        4


Dungeon Overview and Level Annotations

Branches:
Dungeon (8/15)             Temple (1/1) D:6            Lair (0/5) D:8

Altars:
Ashenzari
Cheibriados
Dithmenos
Elyvilon
Makhleb
Nemelex Xobeh
Okawaru
Qazlal
Ru
Sif Muna
Trog
Vehumet
Wu Jian
Xom
Zin
The Shining One

Shops:
D:3 =   D:4 =!   D:8 *

Annotations:
D:7 exclusion: downstairs


Innate Abilities, Weirdness & Mutations

You are too large for most types of armour.
You have claws for hands.
Your natural rate of healing is unusually fast.
You are covered in fur. (AC +1)
You have tough skin. (AC +1)


Message History

Okay, then.
Aiming: Charm
Press: ? - help, Shift-Dir - straight line, f - death yak
Aim: a death yak (chance to affect: 1%)
Okay, then.
Okay, then.
The death yak gores you.
The death yak gores you but does no damage.
You climb upwards.
Level annotation: exclusion: downstairs
There is a stone staircase leading down here.
Unknown command.
The death yak attacks as you move away! You block the death yak's attack.
The death yak gores you. The death yak attacks as you move away!
The death yak gores you!!
There is an open door here.
The death yak attacks as you move away! The death yak gores you!
You feel very mighty all of a sudden. The death yak gores you!
You claw the death yak!
The death yak is lightly wounded.
The death yak barely misses you.
You mangle the death yak!!
The death yak is heavily wounded.
You mangle the death yak!!
The death yak is almost dead.
The death yak gores you! You block the death yak's attack.
You scratch the death yak.
The death yak is almost dead.
The death yak gores you!!
* * * LOW HITPOINT WARNING * * *
The death yak misses you.
You mangle the death yak!!
You kill the death yak!
Sif Muna accepts your kill.
Your Fighting skill increases to level 6!
You scratch the death yak.
The death yak is severely wounded.
The death yak gores you!!
You die...

......#....##'##
......#........######
###'###.............#
#..............>....#
#...................#
#...................#
#...................#
#################†###
#....#.....@Y.#
#....#........#
#....'........#
#....#........#
###############


You could see a death yak.

Vanquished Creatures
  2 death yaks (D:7)
  Pikel (D:6)
  Maggie (D:6)
  Grinder (D:4)
  Prince Ribbit (D:6)
  Sigmund (D:4)
  A steam dragon (D:6)
  2 water moccasins
  2 sky beasts
  2 black bears
  An ogre (D:6)
  3 centaurs
  2 phantoms
  A kobold brigand (D:7)
  Blork the orc (D:6)
  A gnoll sergeant (D:7)
  2 necrophages
  3 scorpions
  9 wights
  2 jellies
  A gnoll bouda (D:5)
  3 orc priests
  An iguana (D:5)
  2 orc wizards (D:5)
  A hell rat (D:7)
  13 gnolls
  11 adders
  4 white imps
  15 orcs
  8 ball pythons
  7 endoplasms
  2 giant cockroaches (D:3)
  11 goblins
  4 hobgoblins
  9 jackals (D:4)
  6 quokkas
  A bat (D:1)
  2 frilled lizards (D:2)
  8 kobolds
  3 rats
151 creatures vanquished.

Notes
Turn   | Place    | Note
-------+----------+-------------------------------------------
     0 | D:1      | ragingrage the Troll Fighter began the quest for the Orb.
     0 | D:1      | Reached XP level 1. HP: 22/22 MP: 0/0
   175 | D:1      | Reached XP level 2. HP: 27/29 MP: 1/1
   193 | D:1      | Found a faded altar of an unknown god.
   709 | D:2      | Reached skill level 3 in Unarmed Combat
   833 | D:2      | Reached XP level 3. HP: 35/36 MP: 2/2
   990 | D:2      | Found a snail-covered altar of Cheibriados.
  1461 | D:2      | Reached skill level 4 in Unarmed Combat
  1584 | D:3      | Reached XP level 4. HP: 32/44 MP: 3/3
  1677 | D:3      | Found Kohaug's Jewellery Shop.
  2087 | D:3      | Found a sacrificial altar of Ru.
  2136 | D:3      | Reached skill level 5 in Unarmed Combat
  2237 | D:3      | Found a sparkling altar of Nemelex Xobeh.
  2589 | D:4      | Noticed a necrophage
  2607 | D:4      | Killed a necrophage
  2608 | D:4      | Reached XP level 5. HP: 43/50 MP: 4/4
  2700 | D:4      | Found Erchilygh's Distillery.
  2708 | D:4      | Noticed a phantom
  2714 | D:4      | Bought a potion of heal wounds for 50 gold pieces
  2714 | D:4      | Bought 2 potions of curing for 60 gold pieces
  2724 | D:4      | Killed a phantom
  2725 | D:4      | Reached skill level 6 in Unarmed Combat
  2725 | D:4      | Reached XP level 6. HP: 56/59 MP: 5/5
  2739 | D:4      | Found Vahiurphaapu's Jewellery Emporium.
  2837 | D:4      | Noticed Grinder
  2844 | D:4      | Killed Grinder
  2845 | D:4      | Reached skill level 7 in Unarmed Combat
  2849 | D:4      | Reached XP level 7. HP: 63/66 MP: 6/6
  2858 | D:4      | Found a shimmering altar of Xom.
  2858 | D:4      | Found a white marble altar of Elyvilon.
  3022 | D:4      | Reached skill level 8 in Unarmed Combat
  3105 | D:4      | Noticed Sigmund
  3183 | D:5      | Entered Level 5 of the Dungeon
  3378 | D:5      | Found a snail-covered altar of Cheibriados.
  3514 | D:5      | Reached skill level 9 in Unarmed Combat
  3786 | D:4      | Killed Sigmund
  3787 | D:4      | Reached XP level 8. HP: 59/74 MP: 7/7
  3954 | D:5      | Reached skill level 10 in Unarmed Combat
  4131 | D:6      | Found a staircase to the Ecumenical Temple.
  4139 | D:6      | Noticed Blork the orc
  4147 | Temple   | Entered the Ecumenical Temple
  4165 | Temple   | Became a worshipper of Sif Muna the Loreminder
  4185 | D:6      | Killed Blork the orc
  4205 | D:6      | Noticed Pikel
  4216 | D:6      | Killed Pikel
  4216 | D:6      | Noticed Prince Ribbit
  4217 | D:6      | Reached skill level 11 in Unarmed Combat
  4217 | D:6      | Reached XP level 9. HP: 60/83 MP: 8/8
  4220 | D:6      | Killed Prince Ribbit
  4357 | D:6      | Reached skill level 12 in Unarmed Combat
  4513 | D:6      | Noticed Maggie
  4523 | D:6      | Killed Maggie
  5000 | D:7      | Reached skill level 5 in Fighting
  5517 | D:7      | Reached skill level 13 in Unarmed Combat
  5870 | D:7      | Reached * piety under Sif Muna
  6358 | D:8      | Found Zin's Purification Station.
  6361 | D:8      | Found a glowing silver altar of Zin.
  6365 | D:8      | Found a staircase to the Lair.
  6366 | D:8      | Noticed a death yak
  6393 | D:7      | Reached XP level 10. HP: 94/95 MP: 9/9
  6617 | D:8      | Noticed a death yak
  6642 | D:8      | Noticed a death yak
  6648 | D:7      | Killed a death yak
  6669 | D:7      | Killed a death yak
  6670 | D:7      | Mangled by a death yak

Illustrated notes

Levels and vault maps discovered:
D:1:      lightli_arrival_isolated_outpost, layout_loops_ring,
          hellmonk_ecumenical_altar_heavens_door, serial_forest,
          infiniplex_forest_diagonal, infiniplex_forest_end_1,
          infiniplex_forest_lined_3_way, infiniplex_forest_straight_2,
          minmay_tetromino_o4
D:2:      layout_basic, basic_altar, serial_aquarium, aquarium_bridge_square
          [aquarium_subvault_bridge, aquarium_subvault_bridge,
          aquarium_subvault_bridge, aquarium_subvault_wall],
          aquarium_bridge_square [aquarium_subvault_wall,
          aquarium_subvault_wall, aquarium_subvault_wall,
          aquarium_subvault_bridge], aquarium_window_corridor_3,
          aquarium_window_2, aquarium_window_2, aquarium_view_2f,
          aquarium_pool_2
D:3:      layout_basic, mainiacjoe_overflow_swirl, serial_shops, shop_statue,
          grunt_decor_arrowhead
D:4:      layout_loops_ring, grunt_temple_overflow_open, serial_shops, shop,
          nicolae_shop_trees, uniq_sigmund, uniq_grinder
D:5:      layout_gridville, mainiacjoe_overflow_cross_hatched,
          guppyfry_early_lair_pool
D:6:      layout_rooms, minmay_temple_entry_slanted, nicolae_eternal_life,
          hellmonk_bongcloud_opening, uniq_pikel, uniq_blork_the_orc,
          uniq_prince_ribbit1, uniq_maggie
D:7:      layout_gridville
D:8:      layout_gridville, zin_purify, dpeg_lair_monsters,
          kennysheep_generic_room_4
Temple:   hellmonk_temple_of_storms

Skill      XL: |  1  2  3  4  5  6  7  8  9 10 |
---------------+-------------------------------+-----
Unarmed Combat | 3 4 5 6 7 9 11 13 | 13.9
Fighting       | 3 5 6 |  6.0
Dodging        | |  2.4
Shields        | |  2.7

Action                   |  1- 3 |  4- 6 |  7- 9 | 10-12 || total
-------------------------+-------+-------+-------+-------++-------
Melee: Unarmed           |    85 |    88 |   235 |    22 ||   430
Throw: Dart              |       |       |     2 |     3 ||     5
  Use: Potion            |       |     1 |     1 |     1 ||     3
       Scroll            |       |       |    11 |       ||    11
 Stab: Sleeping          |     2 |     1 |     1 |       ||     4
Armor: Robe              |    28 |    16 |    32 |       ||    76
       Steam dragon scal |       |       |    26 |     7 ||    33
       Skin              |       |       |     1 |       ||     1
Dodge: Dodged            |    25 |    25 |    77 |     5 ||   132
Block: Kite shield       |    30 |    29 |    98 |     6 ||   163

Table legend: (Time is in decaauts)
 A = Elapsed time spent in this place.
 B = Non-inter-level travel time spent in this place.
 C = Inter-level travel time spent in this place.
 D = Time resting spent in this place.
 E = Time spent auto-exploring this place.
 F = Levels seen in this place.
 G = Mean time per level.
                   A        B        C        D        E       F      G
               +--------+--------+--------+--------+--------+-----+--------+
         Total |   6681 |   6370 |    311 |    604 |   4501 |   9 |  742.3 |
       Dungeon |   6647 |   6350 |    297 |    604 |   4493 |   8 |  830.9 |
        Temple |     33 |     19 |     14 |      0 |      8 |   1 |   33.0 |
               +--------+--------+--------+--------+--------+-----+--------+

Top non-repeatable levels by time:
     D:7: 1442 daAuts
     D:3: 1033 daAuts
     D:2: 848 daAuts
     D:6: 817 daAuts
     D:4: 752 daAuts
     D:5: 726 daAuts
     D:1: 712 daAuts
     D:8: 314 daAuts
  Temple: 33 daAuts
